 Dungeon Crawl Stone Soup version bcrawl-1.38.3 (webtiles) character file.

Game seed: 17311120506673635373

88620 MisterOstroum the Cudgeler (level 3, -8/30 HPs)
             Began as a Ghoul Wanderer on June 11, 2023.
             Was a Believer of Ru.
             Killed by divine providence
             ... invoked by an orc priest
              (10 damage)
             ... on level 3 of the Dungeon.
             The game lasted 00:04:38 (2257 turns).

MisterOstroum the Cudgeler (Ghoul Wanderer)         Turns: 2257, Time: 00:04:39

Health: -8/30      AC:  4    Str: 15    XL:     3   Next: 83%
Magic:  3/3        EV: 10    Int: 13    God:    Ru [**....]
Gold:   149        SH:  0    Dex: 11    Spells: 2/2 levels left

rFire    . . .     GDR:     25% a - +2 mace
rCold    . . .     SeeInvis .   (no shield)
rNeg     + . .     Gourm    .   c - +0 ring mail
rPois    ∞         Faith    .   (no helmet)
rElec    .         Spirit   .   (no cloak)
rCorr    .         Reflect  .   v - +0 pair of gloves
MR       .....     Rnd*Tele +   (no boots)
Stlth    +.........             (no amulet)
HPRegen  0.15/turn              l - ring of teleportation (curse)
MPRegen  0.08/turn              u - -2 ring of protection (curse)

@: can't hop, very slow
A: claws 1, carnivore, speed 1, negative energy resistance 1, poison resistance,
partial torment resistance, inexperienced 1, strong legs 1
a: Hop, Renounce Religion


You were on level 3 of the Dungeon.
You worshipped Ru.
Ru was pleased with you.
You were hungry.

You visited 1 branch of the dungeon, and saw 3 of its levels.

You collected 149 gold pieces.

Inventory:

Hand Weapons
 a - a +2 mace (weapon)
 k - a +0 war axe
 s - a +0 hand axe
Missiles
 f - 206 arrows
 j - 224 stones (quivered)
 n - 113 bolts
 q - 237 sling bullets
Armour
 c - a +0 ring mail (worn)
 v - a +0 pair of gloves (worn)
Jewellery
 l - a cursed ring of teleportation (left hand)
 u - a cursed -2 ring of protection (right hand)
Scrolls
 b - 2 scrolls of teleportation {@r3 !r}
 m - a scroll of amnesia
Potions
 g - a potion of cancellation {unknown}
 h - 3 potions of magic
 o - a potion of might {@q3 !q}
 r - a potion of flight
 t - 3 potions of curing
Comestibles
 d - a chunk of flesh
 e - a ration {!d}


   Skills:
 - Level 2.4 Fighting
 + Level 1.7(3.4) Axes
 * Level 4.6(4.8) Maces & Flails
 - Level 2.6 Armour
 - Level 1.2 Stealth
   Level 1.0 Shields


You had 2 spell levels left.
You didn't know any spells.
Your spell library was empty.

Dungeon Overview and Level Annotations

Branches:
Dungeon (3/12)

Altars:
Ru


Innate Abilities, Weirdness & Mutations

Eating raw meat heals you.
You are immune to poison.
You have sharp fingernails.
You are carnivorous and can eat meat at any time.
You cover ground quickly.
You resist negative energy. (rN+)
Your system is resistant to poisons. (rPois)
You are less affected by unholy pain and torment.
You are somewhat inexperienced. (-2 XL)
You can hop short distances.


Message History

The leopard gecko is heavily wounded.
The leopard gecko barely misses you.
You sock the leopard gecko!
You are no longer entranced.
You kill the leopard gecko!
No target in view!
You see here a leopard gecko corpse.
You butcher the leopard gecko corpse.
d - 3 chunks of flesh (gained 2)
You see here a leopard gecko skeleton.
There isn't anything to butcher here.
Eat one of 3 chunks of flesh? (ye/n/q)
You eat one of the 3 chunks of flesh.
This raw flesh tastes great.
You are feeling hungry.
Eat one of 2 chunks of flesh? (ye/n/q)
You eat one of the 2 chunks of flesh.
This raw flesh tastes great.
A quokka comes into view.
Found a stone staircase leading down.
A kobold comes into view. It is wielding a +0 short sword.
The kobold shouts!
You hear a shout! x2
The kobold throws a stone.
The stone hits you but does no damage.
Found a stone staircase leading down.
An orc comes into view. It is wielding a +0 war axe.
The orc shouts!
You hear a shout!
An orc comes into view. It is wielding a +0 dagger.
The orc shouts!
You hear the rusting of a drain nearby.
The kobold throws a stone.
The stone closely misses you.
You hit the orc.
The orc is lightly wounded.
Visions of eating the orc fill your mind.
The kobold throws a stone.
The stone closely misses you.
The stone closely misses the quokka.
An orc priest comes into view. It is wielding a +0 hand axe.
The orc hits you with a +0 war axe! The quokka bites you.
Your self-preservation overcomes your need to hunt.
You closely miss the orc.
The orc is lightly wounded.
The kobold throws a stone.
The stone hits you.
The orc priest calls upon Beogh to heal the orc.
The orc's wounds heal themselves!
The quokka bites you. The orc hits you with a +0 war axe.
You redirect the orc priest's attack!
Hop to where?
Press: ? - help, Dir - move target cursor Boing!
The orc priest begins to pray, but is stunned by your will!
There is a stone staircase leading up here.
There is a stone staircase leading up here.
f - 206 arrows (gained 129)
You are feeling hungry.
The quokka twitches its whiskers.
You see here 119 bolts.
You see here 3 gold pieces.
You enter the shallow water.
Moving in this stuff is going to be slow.
The quokka is stunned by your will and fails to attack.
You hear the brisk rusting of a drain.
The quokka barely misses you.
A leopard gecko comes into view.
The leopard gecko hisses angrily.
You enter the shallow water.
Moving in this stuff is going to be slow.
The leopard gecko bites you.
The leopard gecko bites you but does no damage.
Your unstable footing causes you to fumble your attack.
The quokka splashes around in the water.
The leopard gecko bites you. The quokka bites you.
Your unstable footing causes you to fumble your attack.
The leopard gecko barely misses you.
The quokka bites you but does no damage.
Your unstable footing causes you to fumble your attack.
The quokka bites you. The leopard gecko bites you.
* * * LOW HITPOINT WARNING * * *
You hit the leopard gecko.
The leopard gecko is heavily wounded.
The quokka misses you. The leopard gecko bites you.
* * * LOW HITPOINT WARNING * * *
The quokka bites you.
* * * LOW HITPOINT WARNING * * *
You closely miss the leopard gecko.
The leopard gecko is heavily wounded.
The leopard gecko bites you.
* * * LOW HITPOINT WARNING * * *
The quokka splashes around in the water.
The leopard gecko barely misses you.
Your unstable footing causes you to fumble your attack.
The quokka barely misses you.
The leopard gecko bites you but does no damage.
The quokka bites you but does no damage.
You closely miss the leopard gecko.
The leopard gecko is heavily wounded.
The leopard gecko barely misses you. The quokka bites you.
* * * LOW HITPOINT WARNING * * *
Your legs are too worn out to hop.
You thump the leopard gecko!
You kill the leopard gecko!
The orc priest mumbles some strange prayers to Beogh against you.
Beogh smites you!
You die...

##########
###≈≈o≈≈≈≈o##
#.$########r#
#.## #@# #.#
#≈# #.# #≈#
#(# #≈# #.#
#≈# #.# #≈#
#.## .##
##.### #
#.#.#


You could see an orc priest and a quokka.

Vanquished Creatures
  3 adders (D:2)
  An ooze (D:1)
  2 worms (D:2)
  5 leopard geckos
  5 orcs
  3 ball pythons
  4 giant cockroaches
  7 goblins
  8 hobgoblins
  4 jackals (D:1)
  A quokka (D:2)
  6 bats
  4 frilled lizards
  5 kobolds
  3 rats
61 creatures vanquished.

Notes
Turn   | Place    | Note
-------+----------+-------------------------------------------
     0 | D:1      | MisterOstroum the Ghoul Wanderer began the quest for the
                  | Orb.
     0 | D:1      | MisterOstroum set off with the following items: a +2 mace,
                  | a scroll of teleportation {@r3 !r}, a +0 ring mail, a chunk
                  | of flesh
     0 | D:1      | Reached XP level 1. HP: 18/18 MP: 1/1
   217 | D:1      | Reached XP level 2. HP: 25/25 MP: 2/2
   276 | D:1      | Reached skill level 3 in Maces & Flails
   328 | D:1      | Reached XP level 3. HP: 30/30 MP: 3/3
   870 | D:2      | Reached skill level 4 in Maces & Flails
   984 | D:2      | Reached XP level 4. HP: 37/37 MP: 4/4
  1004 | D:2      | Found a faded altar of an unknown god.
  1017 | D:2      | Prayed at the altar of an unknown god.
  1017 | D:2      | Became a worshipper of Ru the Awakened
  1072 | D:2      | Gained mutation: You are somewhat inexperienced. (-2 XL)
                  | [Ru sacrifice]
  1072 | D:2      | Reached XP level 3. HP: 30/30 MP: 3/3
  1072 | D:2      | Reached XP level 2. HP: 25/25 MP: 2/2
  1072 | D:2      | Reached * piety under Ru
  1072 | D:2      | Reached ** piety under Ru
  1295 | D:2      | Reached XP level 3. HP: 28/30 MP: 3/3
  1976 | D:3      | Found a white marble altar of Elyvilon.
  2257 | D:3      | Killed from afar by an orc priest

Skill      XL: |  1  2  3 |
---------------+----------+-----
Maces & Flails | 3 4 |  4.6
Fighting       | |  2.4
Axes           | |  1.7
Armour         | |  2.6
Stealth        | |  1.2
Shields        | |  1.0

Action                   |  1- 3 |  4- 6 || total
-------------------------+-------+-------++-------
Melee: Mace              |   170 |     8 ||   178
Throw: Stone             |    36 |     8 ||    44
Invok: Sacrifice Experie |     1 |       ||     1
 Abil: Hop               |     1 |       ||     1
  Use: Scroll            |     6 |       ||     6
  Eat: Chunk             |     8 |     1 ||     9
Armor: Ring mail         |    65 |       ||    65
Dodge: Dodged            |    93 |     1 ||    94
